 Seeded DCSS version 0.30-a0-956-gcec3b41aec (webtiles) character file.

Game seed: 20230327 (custom seed)

863 GigaChad the Chopper (level 7, -7/61 HPs)
             Began as a Minotaur Fighter on Mar 29, 2023.
             Mangled by Natasha (9 damage)
             ... on level 4 of the Dungeon.
             The game lasted 00:06:35 (2864 turns).

GigaChad the Chopper (Minotaur Fighter)             Turns: 2864, Time: 00:06:36

Health: -7/61      AC:  0    Str: 22    XL:     7   Next: 72%
Magic:  6/6        EV: 19    Int:  5    God:
Gold:   153        SH:  0    Dex: 15    Spells: 6/6 levels left

rFire   . . .      SeeInvis .    a - melded +0 war axe
rCold   . . .      Faith    .    c - melded +3 buckler
rNeg    . . .      Spirit   .    f - melded +18 Lear's hauberk
rPois   .          Reflect  .    (helmet currently unavailable)
rElec   .          Rampage  .    (cloak currently unavailable)
rCorr   .                        (gloves currently unavailable)
Will    .....                    (boots currently unavailable)
Stlth   +                        (no amulet)
HPRegen 0.30/turn                (ring currently unavailable)
MPRegen 0.10/turn                (ring currently unavailable)

@: bat-form, flying, slowed, quick
A: fast, flying, no casting, tiny, (horns 2), (retaliatory headbutt)
a: no special abilities


You were on level 4 of the Dungeon.
You were a bat.
You visited 1 branch of the dungeon, and saw 4 of its levels.

You collected 153 gold pieces.

Inventory:

Hand Weapons
 a - a +0 war axe (melded)
Armour
 b - a +0 scale mail
 c - a +3 buckler (melded)
 f - the +18 Lear's hauberk (melded)
   (You found it on level 4 of the Dungeon)
Jewellery
 j - a ring of fire
Scrolls
 h - a scroll of identify
 k - a scroll of immolation
 p - 2 scrolls of magic mapping
 r - a scroll of poison
Potions
 d - a potion of might
 e - a potion of curing
 g - a potion of invisibility {unknown}
 i - 2 potions of degeneration {unknown}
 m - a potion of flight {unknown}
 n - 3 potions of brilliance {unknown}
 o - 2 potions of lignification {unknown}
 q - a potion of ambrosia {unknown}
 s - 2 potions of heal wounds {unknown}
 t - a potion of berserk rage {unknown}


   Skills:
 + Level 5.4 Fighting
 + Level 7.8 Axes
 + Level 6.0 Armour
 + Level 2.0 Dodging
 + Level 0.2 Stealth
 + Level 4.5 Shields


You had 6 spell levels left.
You didn't know any spells.
Your spell library contained the following spells:

 Spells                   Type           Power      Damage    Failure   Level
 Sting                    Tmut/Pois      0%         1d3       47%         1
 Poisonous Vapours        Pois/Air       0%         N/A       63%         2
 Olgreb's Toxic Radiance  Pois           0%         N/A       99%         4
 Borgnjor's Revivificati  Necr           0%         N/A       100%        8
 Necromutation            Tmut/Necr      0%         N/A       100%        8
 Death's Door             Necr           0%         N/A       100%        9


Dungeon Overview and Level Annotations

Branches:
Dungeon (4/15)
 Temple: D:4-7

Altars:
Elyvilon
Qazlal

Shops:
D:1 *=:*=

Annotations:
D:4 Natasha


Innate Abilities, Weirdness & Mutations

You are a bat.
You are tiny and dextrous.
You move quickly.
You are flying.
Your equipment is almost entirely melded.
You are incapable of wielding weapons or throwing items.
You cannot cast spells.
((You have a pair of horns on your head.))
((You reflexively headbutt those who attack you in melee.))


Message History

Natasha is heavily wounded.
The crimson imp closely misses you. Natasha claws you!
* * * LOW HITPOINT WARNING * * *
You barely miss Natasha.
Natasha is heavily wounded.
The crimson imp blinks!
The crimson imp misses you. Natasha barely misses you.
The crimson imp closely misses you.
You hit Natasha.
Natasha is heavily wounded.
The crimson imp disappears in a puff of smoke!
Natasha misses you. The crimson imp closely misses you.
You hit Natasha but do no damage.
Natasha is heavily wounded.
Natasha closely misses you. The crimson imp closely misses you.
Natasha mewls in sadness.
Natasha misses you.
Unknown command.
You barely miss Natasha.
Natasha is heavily wounded.
The crimson imp shouts, "Embrace thy dedition, thou impertinent roguish hedge-pig!"
The crimson imp misses you. Natasha misses you.
You hit Natasha but do no damage.
Natasha is heavily wounded.
The crimson imp misses you. Natasha casts a spell at you.
You resist with some effort.
The crimson imp blinks!
You hit Natasha.
Natasha is severely wounded.
Natasha closely misses you.
Natasha stares at you and mumbles some strange words.
The magic dart hits you!
* * * LOW HITPOINT WARNING * * *
You hit Natasha.
Natasha is severely wounded.
Natasha mumbles some strange words.
You barely miss Natasha.
Natasha is severely wounded.
Natasha mewls in sadness.
Natasha claws you!
You die...

#### #.#.#####.#..######
...# #.#.....#........#
...# #.#####.#.....##.#
...###.# #.#.##....#..#
....<#.###.........#.#####
.......#...##.#..5...#...#
...#####.####.##5###.#.#.#
...#####'####†##h#
#.#.#.###
............§.##b#
#.#<#...#
...........#####.#
#.#####.# ###......h.#
#...# #.#.....# #........#
#.### #.##.#### #.......##
#.# #.##.# ..........#
##.# #.##.#
##.......5###..# #....#
#....^.......## ######
#............#


You could see Natasha, a crimson imp (summoned) and a white imp (summoned).

Vanquished Creatures
  Pikel (D:4)
  Duvessa (D:4)
  A scorpion (D:4)
  Dowan (D:4)
  An iguana (D:4)
  Natasha (twice) (D:4)
  A mummy (D:4)
  3 adders
  A worm (D:2)
  2 dart slugs
  An orc (D:4)
  4 ball pythons
  6 bats
  4 endoplasms
  5 giant cockroaches
  9 goblins
  6 hobgoblins
  2 jackals (D:2)
  A quokka (D:1)
  3 frilled lizards
  6 kobolds
  4 rats
65 creatures vanquished.

Notes
Turn   | Place    | Note
-------+----------+-------------------------------------------
     0 | D:1      | GigaChad the Minotaur Fighter began the quest for the Orb.
     0 | D:1      | Reached XP level 1. HP: 19/19 MP: 0/0
     4 | D:1      | Found Xoclunid's Book Emporium.
    33 | D:1      | Found Aqium's General Store.
   118 | D:1      | Found Wostryiz's General Store.
   198 | D:1      | Reached XP level 2. HP: 27/27 MP: 1/1
   239 | D:1      | Found a faded altar of an unknown god.
   317 | D:1      | Found Muif's Jewellery Shop.
   589 | D:1      | Found Uvvotic's Jewellery Boutique.
   609 | D:1      | Reached XP level 3. HP: 33/33 MP: 2/2
   638 | D:1      | Reached skill level 3 in Axes
  1016 | D:2      | Found a white marble altar of Elyvilon.
  1820 | D:3      | Reached XP level 4. HP: 41/41 MP: 3/3
  2079 | D:4      | Found the +18 Lear's hauberk
  2256 | D:4      | Noticed Duvessa
  2256 | D:4      | Noticed Dowan
  2267 | D:4      | Killed Duvessa
  2268 | D:4      | Reached skill level 4 in Axes
  2268 | D:4      | Reached skill level 1 in Dodging
  2268 | D:4      | Reached XP level 5. HP: 35/47 MP: 4/4
  2274 | D:4      | Killed Dowan
  2275 | D:4      | Reached skill level 5 in Axes
  2403 | D:4      | Found a sand-covered staircase.
  2468 | D:4      | Noticed Natasha
  2471 | D:4      | Killed Natasha
  2472 | D:4      | Reached skill level 5 in Armour
  2472 | D:4      | Reached XP level 6. HP: 55/55 MP: 5/5
  2496 | D:4      | Reached skill level 5 in Fighting
  2551 | D:4      | Noticed Pikel
  2564 | D:4      | Killed Pikel
  2565 | D:4      | Reached skill level 7 in Axes
  2565 | D:4      | Reached XP level 7. HP: 47/61 MP: 6/6
  2630 | D:4      | Found a stormy altar of Qazlal.
  2781 | D:4      | Noticed Natasha
  2810 | D:4      | Killed Natasha
  2811 | D:4      | Noticed Natasha
  2862 | D:4      | HP: 2/61 [Natasha/magic dart (9)]
  2864 | D:4      | Mangled by Natasha

Illustrated notes

Levels and vault maps discovered:
D:1:      doesnt_arrival_eight_statues, layout_basic, serial_shops,
          nicolae_shop_advertising_works [nicolae_subvault_shop_adworks], shop,
          nicolae_lakefront_shop, shop, shop,
          shapermc_ecumenical_altar_notcrosses
D:2:      minmay_spotlight, layout_basic, basic_altar
D:3:      layout_loops_cross, st_stairs_7
D:4:      layout_basic, nicolae_qazlal_style_of_elements,
          gup_ossuary_entry_pyramid, uniq_eustachio, uniq_natasha, uniq_pikel,
          uniq_duvessa

Skill      XL: |  1  2  3  4  5  6 |
---------------+-------------------+-----
Fighting       | 4 5 |  5.4
Axes           | 3 4 5 7 |  7.8
Armour         | 4 5 6 |  6.0
Shields        | 4 |  4.5
Dodging        | 1 2 |  2.0
Stealth        | |  0.2

Action                     |  1- 3 |  4- 6 |  7- 9 || total
---------------------------+-------+-------+-------++-------
  Melee: War axe           |    97 |    50 |     4 ||   151
         Headbutt          |    15 |     9 |     1 ||    25
         Unarmed           |       |       |    27 ||    27
    Use: Scroll            |       |    10 |     4 ||    14
         Potion            |       |       |     2 ||     2
 Armour: Scale mail        |    49 |     1 |       ||    50
         Chain mail        |       |    31 |     3 ||    34
         Skin              |       |       |     1 ||     1
  Dodge: Dodged            |    42 |    17 |    20 ||    79
  Block: Buckler           |    20 |    23 |       ||    43

Table legend: (Time is in decaauts)
 A = Elapsed time spent in this place.
 B = Non-inter-level travel time spent in this place.
 C = Inter-level travel time spent in this place.
 D = Time resting spent in this place.
 E = Time spent auto-exploring this place.
 F = Levels seen in this place.
 G = Mean time per level.
                   A        B        C        D        E       F      G
               +--------+--------+--------+--------+--------+-----+--------+
         Total |   2914 |   2885 |     29 |    286 |   1967 |   4 |  728.5 |
       Dungeon |   2914 |   2885 |     29 |    286 |   1967 |   4 |  728.5 |
               +--------+--------+--------+--------+--------+-----+--------+

Top non-repeatable levels by time:
     D:1: 923 daAuts
     D:4: 796 daAuts
     D:2: 618 daAuts
     D:3: 575 daAuts
